TOP OF THE 1ST |
Highwood Hawks batting - Pitching for Grim Reapers : RHP Al Turner
|
Pitching: RHP Al Turner
|
|
Batting: SHB Leon Green
|
0-0: Swinging Strike 0-1: Swinging Strike 0-2: Ball 1-2: Strikes out swinging
|
Batting: LHB Tom Bell
|
0-0: Called Strike 0-1: Fly out, F5 (Popup, 5F)
|
Batting: RHB Paul Tate
|
0-0: Swinging Strike 0-1: Foul Ball, location: 2F 0-2: Ball 1-2: Ball 2-2: Strikes out swinging
|
Top of the 1st over - 0 runs, 0 hits, 0 errors, 0 left on base; Highwood 0 - Grim 0 |
BOTTOM OF THE 1ST |
Grim Reapers batting - Pitching for Highwood Hawks : RHP Joe Holbrook
|
Pitching: RHP Joe Holbrook
|
|
Batting: RHB Tso-i Wang
|
0-0: SINGLE (Line Drive, 89M)
|
Batting: RHB Bearooz Yacoobi
|
0-0: Called Strike 0-1: Fly out, F3 (Popup, 3L)
|
Batting: RHB Scotty Glenn
|
0-0: Foul Ball, location: 2F 0-1: Called Strike 0-2: Ball 1-2: Ball 2-2: Grounds into double play, 5-4-3 (Groundball, 5L)
|
Bottom of the 1st over - 0 runs, 1 hit, 0 errors, 0 left on base; Highwood 0 - Grim 0 |
TOP OF THE 2ND |
Highwood Hawks batting - Pitching for Grim Reapers : RHP Al Turner
|
Batting: RHB Paul Byrd
|
0-0: Called Strike 0-1: SINGLE (Flyball, 7LS)
|
Batting: LHB Yi-da Yee
|
0-0: Hit by Pitch Paul Byrd to second
|
Batting: RHB Jurg Dansen
|
0-0: Ball 1-0: Fly out, F5 (Flyball, 5D)
|
Batting: RHB Victor Drenth
|
0-0: Ball 1-0: Ball 2-0: Foul Ball, location: 2F 2-1: Called Strike 2-2: Strikes out looking
|
Batting: RHB Ron Lawrence
|
0-0: Ball 1-0: Swinging Strike 1-1: Swinging Strike 1-2: Ball 2-2: Strikes out swinging
|
Top of the 2nd over - 0 runs, 1 hit, 0 errors, 2 left on base; Highwood 0 - Grim 0 |
BOTTOM OF THE 2ND |
Grim Reapers batting - Pitching for Highwood Hawks : RHP Joe Holbrook
|
Batting: RHB Huai-yi Yang
|
0-0: Called Strike 0-1: Ball 1-1: Swinging Strike 1-2: Ball 2-2: Foul Ball, location: 2F 2-2: Foul Ball, location: 2F 2-2: Ball 3-2: Ground out 6-3 (Groundball, 6)
|
Batting: LHB Semo Hoaloha
|
0-0: Swinging Strike 0-1: Foul Ball, location: 2F 0-2: Strikes out swinging
|
Batting: SHB Tekkan Hayagawa
|
0-0: Ground out 4-3 (Groundball, 4)
|
Bottom of the 2nd over - 0 runs, 0 hits, 0 errors, 0 left on base; Highwood 0 - Grim 0 |
TOP OF THE 3RD |
Highwood Hawks batting - Pitching for Grim Reapers : RHP Al Turner
|
Batting: RHB Phil Greaney
|
0-0: Ball 1-0: Ball 2-0: Called Strike 2-1: Ground out 1-3 (Groundball, 13)
|
Batting: SHB Leon Green
|
0-0: Called Strike 0-1: Bunted foul 0-2: Strikes out swinging
|
Batting: LHB Tom Bell
|
0-0: Ball 1-0: Swinging Strike 1-1: Ball 2-1: Foul Ball, location: 2F 2-2: Ground out 6-3 (Groundball, 6S)
|
Top of the 3rd over - 0 runs, 0 hits, 0 errors, 0 left on base; Highwood 0 - Grim 0 |
BOTTOM OF THE 3RD |
Grim Reapers batting - Pitching for Highwood Hawks : RHP Joe Holbrook
|
Batting: RHB Tsuneari Hirano
|
0-0: Foul Ball, location: 2F 0-1: Ball 1-1: Foul Ball, location: 2F 1-2: Strikes out swinging
|
Batting: RHB Fraser Albrecht
|
0-0: Ball 1-0: Swinging Strike 1-1: Fly out, F8 (Flyball, 8LD)
|
Batting: SHB Guo-liang Ye
|
0-0: Called Strike 0-1: Ball 1-1: Foul Ball, location: 2F 1-2: Ball 2-2: SINGLE (Line Drive, 4M)
|
Batting: RHB Tso-i Wang
|
0-0: Fly out, F9 (Flyball, 9S)
|
Bottom of the 3rd over - 0 runs, 1 hit, 0 errors, 1 left on base; Highwood 0 - Grim 0 |
TOP OF THE 4TH |
Highwood Hawks batting - Pitching for Grim Reapers : RHP Al Turner
|
Batting: RHB Paul Tate
|
0-0: Called Strike 0-1: Swinging Strike 0-2: Strikes out looking
|
Batting: RHB Paul Byrd
|
0-0: Called Strike 0-1: Swinging Strike 0-2: Ball 1-2: Ball 2-2: Strikes out swinging
|
Batting: LHB Yi-da Yee
|
0-0: DOUBLE (Line Drive, 8LD)
|
Batting: RHB Jurg Dansen
|
0-0: Called Strike 0-1: Called Strike 0-2: Ball 1-2: Strikes out swinging
|
Top of the 4th over - 0 runs, 1 hit, 0 errors, 1 left on base; Highwood 0 - Grim 0 |
BOTTOM OF THE 4TH |
Grim Reapers batting - Pitching for Highwood Hawks : RHP Joe Holbrook
|
Batting: RHB Bearooz Yacoobi
|
0-0: Called Strike 0-1: SINGLE (Line Drive, 89M)
|
Batting: RHB Scotty Glenn
|
0-0: SINGLE (Groundball, 5D) Bearooz Yacoobi to second
|
Batting: RHB Huai-yi Yang
|
0-0: Foul Ball, location: 2F 0-1: Ball 1-1: Fly out, F5 (Line Drive, 5)
|
Batting: LHB Semo Hoaloha
|
0-0: Called Strike 0-1: Foul Ball, location: 2F 0-2: Ball 1-2: Foul Ball, location: 2F 1-2: Strikes out swinging
|
Batting: SHB Tekkan Hayagawa
|
0-0: Swinging Strike 0-1: Ball 1-1: Ground out 4-3 (Groundball, 4)
|
Bottom of the 4th over - 0 runs, 2 hits, 0 errors, 2 left on base; Highwood 0 - Grim 0 |
TOP OF THE 5TH |
Highwood Hawks batting - Pitching for Grim Reapers : RHP Al Turner
|
Batting: RHB Victor Drenth
|
0-0: Called Strike 0-1: SINGLE (Line Drive, 8LS)
|
Batting: RHB Ron Lawrence
|
0-0: Ball 1-0: Ball 2-0: Called Strike 2-1: Called Strike 2-2: Strikes out swinging
|
Batting: RHB Phil Greaney
|
0-0: Foul Ball, location: 2F 0-1: Ball 1-1: Ball 2-1: Grounds into double play, 5-4-3 (Groundball, 56)
|
Top of the 5th over - 0 runs, 1 hit, 0 errors, 0 left on base; Highwood 0 - Grim 0 |
BOTTOM OF THE 5TH |
Grim Reapers batting - Pitching for Highwood Hawks : RHP Joe Holbrook
|
Batting: RHB Tsuneari Hirano
|
0-0: Called Strike 0-1: Ball 1-1: Called Strike 1-2: SINGLE (Flyball, 7S)
|
Batting: RHB Fraser Albrecht
|
0-0: Swinging Strike 0-1: Ball 1-1: Ball 2-1: Fly out, F2 (Popup, 2LF)
|
Batting: SHB Guo-liang Ye
|
0-0: Ball Tsuneari Hirano steals 2nd base 1-0: Called Strike 1-1: Foul Ball, location: 2F 1-2: Strikes out swinging
|
Batting: RHB Tso-i Wang
|
0-0: Ball 1-0: Ground out 6-3 (Groundball, 6M)
|
Bottom of the 5th over - 0 runs, 1 hit, 0 errors, 1 left on base; Highwood 0 - Grim 0 |
TOP OF THE 6TH |
Highwood Hawks batting - Pitching for Grim Reapers : RHP Al Turner
|
Batting: SHB Leon Green
|
0-0: Called Strike 0-1: Ball 1-1: Ball 2-1: Ball 3-1: Base on Balls
|
Batting: LHB Tom Bell
|
0-0: Ball 1-0: Sac Bunt - play at first, batter OUT! 1-3 Leon Green to second
|
Batting: RHB Paul Tate
|
0-0: Ball 1-0: Foul Ball, location: 2F 1-1: SINGLE (Groundball, 4MD) Leon Green to third Runner from 3rd tries for Home, SAFE, no throw
|
Batting: RHB Paul Byrd
|
0-0: Ball 1-0: Foul Ball, location: 2F 1-1: Called Strike 1-2: Foul Ball, location: 2F 1-2: Foul Ball, location: 2F 1-2: Reached on error, E5 (Line Drive, 56) Paul Tate to second
|
Batting: LHB Yi-da Yee
|
0-0: Foul Ball, location: 2F 0-1: Ball 1-1: Ball 2-1: Called Strike 2-2: Foul Ball, location: 2F 2-2: Ball 3-2: Base on Balls Paul Tate to third Paul Byrd to second
|
Batting: RHB Jurg Dansen
|
0-0: Ball 1-0: Ball 2-0: Foul Ball, location: 2F 2-1: Foul Ball, location: 2F 2-2: Grounds into fielders choice 3-2 (Groundball, 34) Paul Byrd to third Yi-da Yee to second
|
Pitching: RHP Troy Moore
|
|
Batting: RHB Victor Drenth
|
0-0: Ball 1-0: Fly out, F8 (Flyball, 78XD)
|
Top of the 6th over - 1 run, 1 hit, 1 error, 3 left on base; Highwood 1 - Grim 0 |
BOTTOM OF THE 6TH |
Grim Reapers batting - Pitching for Highwood Hawks : RHP Joe Holbrook
|
Batting: RHB Bearooz Yacoobi
|
0-0: Ball 1-0: Ball 2-0: Ball 3-0: Called Strike 3-1: Foul Ball, location: 2F 3-2: Base on Balls
|
Batting: RHB Scotty Glenn
|
0-0: Ball 1-0: Called Strike 1-1: Ball 2-1: Grounds into double play, 6-4-3 (Groundball, 6)
|
Batting: RHB Huai-yi Yang
|
0-0: Ball 1-0: Ground out 6-3 (Groundball, 56)
|
Bottom of the 6th over - 0 runs, 0 hits, 0 errors, 0 left on base; Highwood 1 - Grim 0 |
TOP OF THE 7TH |
Highwood Hawks batting - Pitching for Grim Reapers : RHP Troy Moore
|
Batting: RHB Ron Lawrence
|
0-0: Called Strike 0-1: Swinging Strike 0-2: Ball 1-2: Foul Ball, location: 2F 1-2: Strikes out swinging
|
Batting: RHB Phil Greaney
|
0-0: Called Strike 0-1: Foul Ball, location: 2F 0-2: Ball 1-2: Ball 2-2: Ball 3-2: Foul Ball, location: 2F 3-2: Foul Ball, location: 2F 3-2: Strikes out swinging
|
Batting: SHB Leon Green
|
0-0: Ball 1-0: Ball 2-0: Ball 3-0: Called Strike 3-1: Base on Balls
|
Batting: LHB Tom Bell
|
0-0: Ball 1-0: Foul Ball, location: 2F 1-1: Foul Ball, location: 2F 1-2: Foul Ball, location: 2F 1-2: Ball 2-2: Foul Ball, location: 2F 2-2: Ball 3-2: 2-RUN HOME RUN (Flyball, 8LXD), Distance : 443 ft
|
Pitching: RHP Carlos Navarro
|
|
Batting: RHB Paul Tate
|
0-0: Ball 1-0: Called Strike 1-1: Ball 2-1: SINGLE (Line Drive, 56D)
|
Batting: RHB Paul Byrd
|
0-0: Called Strike Paul Tate is caught stealing 2nd base
|
Top of the 7th over - 2 runs, 2 hits, 0 errors, 0 left on base; Highwood 3 - Grim 0 |
BOTTOM OF THE 7TH |
Grim Reapers batting - Pitching for Highwood Hawks : RHP Joe Holbrook
|
Batting: LHB Semo Hoaloha
|
0-0: Ball 1-0: Ball 2-0: Ground out 6-3 (Groundball, 6)
|
Batting: SHB Tekkan Hayagawa
|
0-0: Ball 1-0: Called Strike 1-1: Fly out, F3 (Line Drive, 3S)
|
Batting: RHB Tsuneari Hirano
|
0-0: Foul Ball, location: 2F 0-1: Called Strike 0-2: Ball 1-2: Strikes out swinging
|
Bottom of the 7th over - 0 runs, 0 hits, 0 errors, 0 left on base; Highwood 3 - Grim 0 |
TOP OF THE 8TH |
Highwood Hawks batting - Pitching for Grim Reapers : RHP Carlos Navarro
|
Batting: RHB Paul Byrd
|
0-0: Called Strike 0-1: SINGLE (Groundball, 6MD)
|
Batting: LHB Yi-da Yee
|
0-0: Swinging Strike 0-1: Ball 1-1: Ball Wild Pitch! Paul Byrd to second 2-1: Ball 3-1: Called Strike 3-2: Base on Balls
|
Batting: RHB Jurg Dansen
|
0-0: Ball 1-0: Bunted foul 1-1: Bunt missed! 1-2: Ball 2-2: Grounds into double play, 4-6-3 (Groundball, 4) Paul Byrd to third
|
Batting: RHB Victor Drenth
|
0-0: Called Strike 0-1: Ball 1-1: Called Strike 1-2: Strikes out swinging
|
Top of the 8th over - 0 runs, 1 hit, 0 errors, 1 left on base; Highwood 3 - Grim 0 |
BOTTOM OF THE 8TH |
Grim Reapers batting - Pitching for Highwood Hawks : RHP Joe Holbrook
|
Batting: RHB Fraser Albrecht
|
0-0: Called Strike 0-1: Ground out 6-3 (Groundball, 6)
|
Batting: SHB Guo-liang Ye
|
0-0: Ball 1-0: Foul Ball, location: 2F 1-1: Foul Ball, location: 2F 1-2: Strikes out looking
|
Batting: RHB Tso-i Wang
|
0-0: Ball 1-0: SINGLE (Groundball, 56D)
|
Batting: RHB Bearooz Yacoobi
|
0-0: Called Strike 0-1: Ball 1-1: Fly out, F9 (Line Drive, 9D)
|
Bottom of the 8th over - 0 runs, 1 hit, 0 errors, 1 left on base; Highwood 3 - Grim 0 |
TOP OF THE 9TH |
Highwood Hawks batting - Pitching for Grim Reapers : RHP Carlos Navarro
|
Batting: RHB Ron Lawrence
|
0-0: Ball 1-0: Ball 2-0: SINGLE (Flyball, 89S)
|
Batting: RHB Phil Greaney
|
0-0: Called Strike 0-1: Ball 1-1: Foul Ball, location: 2F 1-2: Foul Ball, location: 2F 1-2: Reached on error, E6 (Groundball, 6) Ron Lawrence to second
|
Batting: SHB Leon Green
|
0-0: Called Strike 0-1: Foul Ball, location: 2F 0-2: Ball 1-2: DOUBLE (Groundball, 3L) Ron Lawrence scores Phil Greaney to third
|
Batting: LHB Tom Bell
|
0-0: Ball 1-0: Fly out, F9 (Flyball, 89D) Runner from 3rd tags up, SCORES, throw made Leon Green to third
|
Batting: RHB Paul Tate
|
0-0: Ball 1-0: Ball 2-0: Swinging Strike 2-1: Fly out, F8 (Flyball, 8RM) Runner from 3rd tags up, SCORES, no throw
|
Batting: RHB Paul Byrd
|
0-0: Called Strike 0-1: Ball 1-1: Swinging Strike 1-2: Ball 2-2: Foul Ball, location: 2F 2-2: Strikes out swinging
|
Top of the 9th over - 3 runs, 2 hits, 1 error, 0 left on base; Highwood 6 - Grim 0 |
BOTTOM OF THE 9TH |
Grim Reapers batting - Pitching for Highwood Hawks : RHP Joe Holbrook
|
Now at C: Xiao-gang Xú
|
|
Batting: RHB Scotty Glenn
|
0-0: Swinging Strike 0-1: Swinging Strike 0-2: Fly out, F8 (Flyball, 78D)
|
Batting: RHB Huai-yi Yang
|
0-0: Swinging Strike 0-1: Foul Ball, location: 2F 0-2: Strikes out swinging
|
Batting: LHB Semo Hoaloha
|
0-0: Called Strike 0-1: Ball 1-1: Ball 2-1: Ground out 4-3 (Groundball, 34)
|
Bottom of the 9th over - 0 runs, 0 hits, 0 errors, 0 left on base; Highwood 6 - Grim 0 |
|